 Dungeon Crawl Stone Soup version 0.31-a0-128-g25add195a6 (webtiles) character file.

Game seed: 1262869435657015906

148 Chroloform the Trooper (level 5, -5/47 HPs)
             Began as a Minotaur Fighter on June 1, 2023.
             Slain by Eustachio
             ... wielding a +0 heavy falchion
              (8 damage)
             ... on level 5 of the Dungeon.
             The game lasted 00:08:00 (2390 turns).

Chroloform the Trooper (Minotaur Fighter)           Turns: 2390, Time: 00:08:01

Health: -5/47      AC:  8    Str: 21    XL:     5   Next: 8%
Magic:  4/4        EV: 11    Int:  5    God:
Gold:   93         SH: 12    Dex: 11    Spells: 4/4 levels left

rFire   . . .        a - +3 short sword
rCold   . . .        c - +0 tower shield
rNeg    . . .        b - +0 scale mail
rPois   .            (helmet restricted)
rElec   .            (no cloak)
rCorr   .            (no gloves)
SInv    .            f - +0 pair of boots
Will    .....        u - amulet of the acrobat Stlth
                     t - +5 ring of evasion
HPRegen 0.27/turn    (no ring)
MPRegen 0.09/turn

%: acrobat
@: no status effects
A: horns 2, retaliatory headbutt
a: no special abilities


You were on level 5 of the Dungeon.
You visited 1 branch of the dungeon, and saw 5 of its levels.

You collected 207 gold pieces.
You spent 114 gold pieces at shops.

Inventory:

Hand Weapons
 a - a +3 short sword (weapon)
Armour
 b - a +0 scale mail (worn)
 c - a +0 tower shield (worn)
 f - a +0 pair of boots (worn)
Jewellery
 t - a +5 ring of evasion (left hand)
 u - an amulet of the acrobat (around neck)
Wands
 D - a wand of digging (6)
Scrolls
 e - 2 scrolls of enchant weapon {unknown}
 g - 2 scrolls of poison {unknown}
 h - a scroll of noise {unknown}
 k - 2 scrolls of fear {unknown}
 m - a scroll of blinking {unknown}
 p - a scroll of immolation {unknown}
 q - 2 scrolls of identify {unknown}
 r - 2 scrolls of enchant armour {unknown}
 s - a scroll of magic mapping {unknown}
Potions
 i - a potion of brilliance {unknown}
 j - a potion of curing {unknown}
 l - 3 potions of heal wounds
 n - 2 potions of lignification {unknown}
 o - a potion of attraction {unknown}


   Skills:
 + Level 4.7 Fighting
 + Level 2.0 Short Blades
 - Level 2.9 Axes
 + Level 4.6 Armour
 + Level 4.6 Shields


You had 4 spell levels left.
You didn't know any spells.
Your spell library contained the following spells:

 Spells                   Type           Power      Damage    Failure   Level
 Magic Dart               Conj           0%         1d3       100%        1
 Call Imp                 Summ           0%         N/A       100%        2
 Mephitic Cloud           Conj/Pois/Air  0%         N/A       100%        3
 Vhi's Electric Charge    Tloc/Air       0%         N/A       100%        3
 Arcjolt                  Conj/Air       0%         1d10      100%        5
 Maxwell's Capacitive Co  Air            0%         ∞         100%        8


Dungeon Overview and Level Annotations

Branches:
Dungeon (5/15)
 Temple: D:4-7

Altars:
Fedhas
Nemelex Xobeh
Zin

Shops:
D:2 ?   D:3 *!

Annotations:
D:4 Blork the orc, Menkaure
D:5 Eustachio


Innate Abilities, Weirdness & Mutations

You have a pair of horns on your head.
You reflexively headbutt those who attack you in melee.


Message History

The bat hits you but does no damage.
You take 14 damage, and have 1/47 hp.
MASSIVE DAMAGE!!
You puncture Eustachio!
Eustachio is almost dead.
You block the bat's attack. The ufetubus barely misses you.
You block the ufetubus's attack. The bat barely misses you.
You furiously retaliate!
You headbutt the bat.
The ufetubus hits you but does no damage.
You block the ufetubus's attack. The rat completely misses you.
Eustachio casts a spell.
You hit Eustachio.
Eustachio is almost dead.
The bat barely misses you. The ufetubus barely misses you.
You block the ufetubus's attack.
The rat twitches its whiskers.
The rat misses you.
Eustachio mumbles some strange words.
You barely miss Eustachio.
Eustachio is almost dead.
You block the bat's attack. The rat barely misses you. You furiously retaliate!
You headbutt the rat.
You kill the rat!
The rat's corpse disappears in a puff of smoke!
Eustachio screams, "At last I'll have my revenge!"
Eustachio mumbles some strange words.
Eustachio blinks!
You block the bat's attack. The shadow imp misses you. You furiously retaliate!
You headbutt the shadow imp! The ufetubus completely misses you.
You furiously retaliate!
You headbutt the ufetubus!
You kill the ufetubus!
The ufetubus disappears in a puff of smoke!
The bat barely misses you.
Eustachio casts a spell.
You completely miss Eustachio.
Eustachio is almost dead.
The bat barely misses you. You furiously retaliate!
You headbutt the bat. You block the quasit's attack.
The quasit barely misses you. The quasit closely misses you.
Eustachio hits you with a +0 heavy falchion!
You die...

.## ....## @.<.###
#...#####
#.....###
#.......###
#######....b....##
..........b5......
####.##..@5b......
#.##.##@######.
#.##....#
#.....### #.....#
#....## #)...#
#<...# #....#


You could see Eustachio, a quasit (summoned), a shadow imp (summoned) and 3
bats.

Vanquished Creatures
  Ijyb (D:5)
  Robin (D:2)
  4 adders
  2 ufetubi (D:5)
  2 worms (D:2)
  A bat (D:2)
  3 endoplasms
  A giant cockroach (D:2)
  10 goblins
  9 hobgoblins
  4 jackals (D:3)
  5 quokkas
  6 frilled lizards
  4 kobolds
  8 rats
61 creatures vanquished.

Notes
Turn   | Place    | Note
-------+----------+-------------------------------------------
     0 | D:1      | Chroloform the Minotaur Fighter began the quest for the
                  | Orb.
     0 | D:1      | Reached XP level 1. HP: 19/19 MP: 0/0
   177 | D:1      | Found Ryastymn's Distillery.
   254 | D:1      | Reached XP level 2. HP: 24/27 MP: 1/1
   970 | D:2      | Found a glowing silver altar of Zin.
  1031 | D:2      | Reached XP level 3. HP: 33/33 MP: 2/2
  1196 | D:2      | Noticed Robin
  1210 | D:2      | Reached skill level 1 in Short Blades
  1217 | D:2      | Killed Robin
  1316 | D:2      | Found Ythor's Magic Scroll Shop.
  1448 | D:2      | Reached XP level 4. HP: 33/41 MP: 3/3
  1684 | D:3      | Found a sparkling altar of Nemelex Xobeh.
  1899 | D:3      | Found Afuod's General Store.
  1910 | D:3      | Bought a +0 tower shield for 49 gold pieces
  2035 | D:3      | Found Gutuc's Distillery.
  2044 | D:3      | Bought a potion of heal wounds for 65 gold pieces
  2085 | D:3      | Found a blossoming altar of Fedhas.
  2191 | D:4      | Noticed Menkaure
  2199 | D:4      | Noticed Blork the orc
  2214 | D:5      | Entered Level 5 of the Dungeon
  2214 | D:5      | Noticed Ijyb
  2227 | D:5      | Killed Ijyb
  2228 | D:5      | Reached XP level 5. HP: 13/47 MP: 4/4
  2363 | D:5      | Noticed Eustachio
  2384 | D:5      | HP: 1/47 [Eustachio/+0 heavy falchion (11)]
  2390 | D:5      | Slain by Eustachio

Illustrated notes

Levels and vault maps discovered:
D:1:      spicycebolla_arrival_ecumenical, layout_loops_ring, serial_shops, shop
D:2:      layout_basic, basic_altar, serial_shops, nicolae_square_shop,
          dk_noncrumbling_4, minmay_fractal_squares_gapless_5, uniq_robin
D:3:      layout_rooms, overflow_temple_1_default,
          nemelex_xobeh_ov_fountains_minmay, serial_shops,
          nicolae_shop_just_a_little_nook, nicolae_lakefront_shop
D:4:      layout_loops_ring, makhleb_altar_promises_db, marbit_many_paths,
          minmay_temple_entry_large_hall, serial_shops, shop,
          uniq_blork_the_orc, uniq_sigmund, uniq_crazy_yiuf_cottage,
          uniq_menkaure
D:5:      minmay_skewed_foursquare, layout_rooms, nicolae_uskayaw_dance_hall,
          nrook_loot_triangle, uniq_ijyb, uniq_eustachio, uniq_grinder

Skill      XL: |  1  2  3  4  5 |
---------------+----------------+-----
Fighting       | 4 |  4.7
Shields        | 4 |  4.6
Armour         | 4 |  4.6
Short Blades   | 1 2 |  2.0
Axes           | |  2.9

Action                     |  1- 3 |  4- 6 || total
---------------------------+-------+-------++-------
  Melee: War axe           |    39 |       ||    39
         Headbutt          |     7 |     9 ||    16
         Short sword       |    42 |    62 ||   104
    Use: Potion            |       |     1 ||     1
 Armour: Scale mail        |    28 |    27 ||    55
  Dodge: Dodged            |    34 |    56 ||    90
  Block: Buckler           |    12 |     2 ||    14
         Tower shield      |       |    45 ||    45

Table legend: (Time is in decaauts)
 A = Elapsed time spent in this place.
 B = Non-inter-level travel time spent in this place.
 C = Inter-level travel time spent in this place.
 D = Time resting spent in this place.
 E = Time spent auto-exploring this place.
 F = Levels seen in this place.
 G = Mean time per level.
                   A        B        C        D        E       F      G
               +--------+--------+--------+--------+--------+-----+--------+
         Total |   2410 |   2345 |     65 |    188 |   1704 |   5 |  482.0 |
       Dungeon |   2410 |   2345 |     65 |    188 |   1704 |   5 |  482.0 |
               +--------+--------+--------+--------+--------+-----+--------+

Top non-repeatable levels by time:
     D:2: 884 daAuts
     D:1: 779 daAuts
     D:3: 504 daAuts
     D:5: 181 daAuts
     D:4: 60 daAuts
